 Dungeon Crawl Stone Soup version 0.20.0-15-g7f486f2 (webtiles) character file.

135 KleinerIrrer the Bolt Thrower (level 5, -1/46 HPs)
             Began as a Naga Hunter on June 28, 2017.
             Slain by an orc
             ... wielding a +0 club
              (4 damage)
             ... on level 2 of the Dungeon.
             The game lasted 00:04:00 (1735 turns).

KleinerIrrer the Bolt Thrower (Naga Hunter)         Turns: 1735, Time: 00:04:02

Health: -1/46      AC:  3    Str: 14    XL:     5   Next: 18%
Magic:  5/5        EV:  9    Int: 11    God:
Gold:   122        SH:  0    Dex: 13    Spells: 4/4 levels left

rFire    . . .     SeeInvis +   b - +0 short sword
rCold    . . .     Gourm    .   (no shield)
rNeg     . . .     Faith    .   c - +0 leather armour
rPois    +         Spirit   .   (no helmet)
rElec    .         Reflect  .   (no cloak)
rCorr    .         Harm     .   (no gloves)
MR       .....                  (no barding)
Stlth    ++........             (no amulet)
Regen    0.2/turn               (no ring)
MPRegen  0.1/turn               (no ring)

@: very slow
A: see invisible, deformed body, poison resistance, slowness 2, slow metabolism
1, spit poison 1, AC +1
a: Spit Poison


You were on level 2 of the Dungeon.
You were not hungry.

You visited 1 branch of the dungeon, and saw 3 of its levels.

You collected 122 gold pieces.

Inventory:

Hand Weapons
 a - a +1 hand crossbow
 b - a +0 short sword (weapon)
Armour
 c - a +0 leather armour (worn)
Magical Staves
 h - an uncursed staff of death
Scrolls
 m - 2 scrolls of remove curse
Potions
 e - 2 potions of curing
 g - 2 potions of heal wounds
 i - a potion of might {unknown}
 j - a potion of resistance {unknown}
 l - a potion of flight {unknown}
Comestibles
 f - 3 bread rations
 n - a royal jelly


   Skills:
 + Level 2.4 Fighting
 + Level 5.2 Crossbows
 + Level 1.0 Armour
 + Level 1.5 Dodging
 + Level 2.4 Stealth


You had 4 spell levels left.
You didn't know any spells.

Dungeon Overview and Level Annotations

Branches:
Dungeon (3/15)

Altars:


Innate Abilities, Weirdness & Mutations

You cannot wear boots.
Your serpentine skin is tough. (AC +1)
You have supernaturally acute eyesight. (SInv)
Armour fits poorly on your strangely shaped body.
Your system is resistant to poisons. (rPois)
You cover ground very slowly.
You have a slow metabolism.
You can spit poison.


Message History

You are too injured to fight recklessly!
Firing (i - inventory):
d - a bolt (quivered)
Press: ? - help, Shift-Dir - straight line, f - orc wizard
Aim: an orc wizard, wielding a dagger and wearing a robe (slightly transparent)
You shoot a bolt. The bolt hits the orc wizard!
The orc wizard is severely wounded.
The orc wizard hits you with a dagger.
* * * LOW HITPOINT WARNING * * *
The orc barely misses you.
b - a +0 short sword (weapon)
The orc wizard hits you but does no damage.
The orc hits you with a club.
* * * LOW HITPOINT WARNING * * *
You hit the orc wizard.
The orc wizard is almost dead.
The orc wizard points at you and mumbles some strange words.
The puff of flame hits you!
* * * LOW HITPOINT WARNING * * *
The orc hits you with a club.
You die...

............#.##.##.......#.....#
..................+.......#.....#
......####'##.##.##.......#..§..#
......# #.##..#.##.#######§§§..#
......# #.###.#.##.......#§§§.§#
......# #.###.............§§§§§#
####### #.#..................§§#
########'#.##).................
#.>........###@o...............
#..........# ##o.........####..
#..........# #..........# #..
#..........# #..........# ###
#..........# #..........#
#..........####..........#
#######.......'..........#
#####.###..........#
#.##############


You could see an orc wizard (invisible) and an orc.

Vanquished Creatures
  An orc priest (D:3)
  2 adders (D:2)
  4 gnolls (D:2)
  An ooze (D:2)
  A worm (D:2)
  2 dart slugs
  3 giant cockroaches
  3 goblins
  3 hobgoblins
  4 jackals (D:1)
  2 quokkas (D:2)
  3 bats
  2 frilled lizards
  3 kobolds
  6 rats
40 creatures vanquished.

Notes
Turn   | Place    | Note
-------+----------+-------------------------------------------
     0 | D:1      | KleinerIrrer the Naga Hunter began the quest for the Orb.
     0 | D:1      | Reached XP level 1. HP: 19/19 MP: 1/1
     4 | D:1      | Noticed an electric eel
     4 | D:1      | Noticed an electric eel
   186 | D:1      | Reached XP level 2. HP: 20/26 MP: 2/2
   188 | D:1      | Reached skill level 4 in Crossbows
  1025 | D:2      | Reached XP level 3. HP: 32/32 MP: 3/3
  1118 | D:2      | Reached XP level 4. HP: 29/39 MP: 4/4
  1522 | D:2      | Reached skill level 5 in Crossbows
  1721 | D:3      | Reached skill level 1 in Armour
  1721 | D:3      | Reached XP level 5. HP: 23/46 MP: 5/5
  1735 | D:2      | Slain by an orc

Skill      XL: |  1  2  3  4 |
---------------+-------------+-----
Crossbows      | 4 5 |  5.2
Stealth        | 2 |  2.4
Armour         | 1 |  1.0
Fighting       | |  2.4
Dodging        | |  1.5

Action                   |  1- 3 |  4- 6 || total
-------------------------+-------+-------++-------
Melee: Short sword       |       |     1 ||     1
 Fire: Hand crossbow     |    60 |    42 ||   102
  Use: Scroll            |       |     5 ||     5
  Eat: Chunk             |       |     2 ||     2
Armor: Leather armour    |     7 |     6 ||    13
Dodge: Dodged            |     4 |     7 ||    11
